 Dungeon Crawl Stone Soup version 0.29-a0-892-g2c4c91d9db (webtiles) character file.

Game seed: 4089383335787500768

8 mathmaestro the Grave Robber (level 2, 19/20 HPs)
             Began as a Demonspawn Necromancer on July 22, 2022.
             Quit the game on level 1 of the Dungeon.
             The game lasted 00:01:31 (526 turns).

mathmaestro the Grave Robber (DsNe)                  Turns: 526, Time: 00:01:32

Health: 19/20      AC:  3    Str:  8    XL:     2   Next: 0%
Magic:  1/5        EV: 12    Int: 16    God:
Gold:   46         SH:  0    Dex: 13    Spells: 4/5 levels left

rFire   . . .      SeeInvis .   g - +0 dagger (venom)
rCold   . . .      Faith    .   (no shield)
rNeg    . . .      Spirit   .   a - +0 robe
rPois   .          Reflect  .   (no helmet)
rElec   .          Harm     .   d - +0 cloak
rCorr   .          Rampage  .   (no gloves)
Will    .....                   (no boots)
Stlth   ++........              (no amulet)
HPRegen 0.06/turn               (no ring)
MPRegen 0.09/turn               (no ring)

@: no status effects
A: hooves 1
a: no special abilities


You were on level 1 of the Dungeon.
You visited 1 branch of the dungeon, and saw 1 of its levels.

You collected 46 gold pieces.

Inventory:

Hand Weapons
 e - a +0 hand axe
 g - a +0 dagger of venom (weapon)
Armour
 a - a +0 robe (worn)
 d - a +0 cloak (worn)
Scrolls
 h - a scroll of vulnerability {unknown}
Potions
 b - a potion of magic
 c - a potion of brilliance
 f - a potion of curing
 i - a potion of degeneration {unknown}


   Skills:
 + Level 0.4 Fighting
 + Level 1.9 Dodging
 - Level 2.0 Stealth
 + Level 2.1 Spellcasting
 + Level 4.4 Necromancy


You had 4 spell levels left.
You knew the following spells:

 Your Spells              Type           Power      Damage    Failure   Level
a - Necrotise             Necr           64%        1d7       3%          1

Your spell library contained the following spells:

 Spells                   Type           Power      Damage    Failure   Level
 Vampiric Draining        Necr           16%        2d7       10%         3
 Animate Dead             Necr           16%        N/A       32%         4
 Agony                    Necr           16%        N/A       65%         5


Dungeon Overview and Level Annotations

Branches:
Dungeon (1/15)

Altars:


Innate Abilities, Weirdness & Mutations

You have large cloven feet.


Message History

You don't have enough magic to cast this spell.
Unknown command.
You closely miss the ball python. Something bites your jackal skeleton.
The ball python barely misses you. The ball python misses you.
You hit the ball python.
The ball python is poisoned.
The ball python is heavily wounded.
The ball python bites you but does no damage.
The ball python grabs you. The ball python constricts you.
You closely miss the ball python.
The ball python is severely wounded.
Your jackal skeleton misses the ball python.
The ball python barely misses you. The ball python constricts you.
The jackal bites your jackal skeleton.
You hit the ball python.
You kill the ball python!
The jackal barely misses your jackal skeleton.
Your jackal skeleton bites the jackal.
The jackal bites your jackal skeleton.
Your jackal skeleton bites the jackal but does no damage.
Your jackal skeleton bites the jackal.
The jackal bites your jackal skeleton.
Your jackal skeleton completely misses the jackal.
The jackal bites your jackal skeleton.
Your jackal skeleton is destroyed!
The jackal barks!
Your magical contamination has completely faded away.
The jackal barely misses you.
You barely miss the jackal.
The jackal is severely wounded.
The jackal closely misses you. The jackal misses you.
You hit the jackal.
The jackal is poisoned.
You punch the jackal, but do no damage.
The jackal is almost dead.
You kill the jackal!
Training target 2.0 for Stealth reached!
Your Stealth skill increases to level 2!
You have reached level 2!
You feel monstrous as your demonic heritage exerts itself.
Your demonic ancestry asserts itself...
Your feet thicken and deform.
Are you sure you want to abandon this character and quit the game? (Confirm with "yes".)

.......#8#8#8#...#8#8#8
.......######8...8#####
......... ##.#.##....
#........ .#8.#.8#..#.
##......# .##.#.##.###
#####..###.#8.#.8#.###
#####...#..##.#.##..#.
#......†...#8...8#....
#....@.....###'###....
#..................)..
#........####..#..####
#.....................
######..#####.#.#.....
##...##..#.##....
#.........#....#
#.......###...##
#.......# ###.#


There were no monsters in sight!

Vanquished Creatures
  A ball python (D:1)
  An endoplasm (D:1)
  2 goblins (D:1)
  2 jackals (D:1)
6 creatures vanquished.

Notes
Turn   | Place    | Note
-------+----------+-------------------------------------------
     0 | D:1      | mathmaestro the Demonspawn Necromancer began the quest for
                  | the Orb.
     0 | D:1      | Reached XP level 1. HP: 13/13 MP: 3/3
   526 | D:1      | Discovered your monstrous ancestry.
   526 | D:1      | Gained mutation: You have large cloven feet. [demonic
                  | ancestry]
   526 | D:1      | Reached XP level 2. HP: 19/20 MP: 1/5
   526 | D:1      | Quit the game

Illustrated notes

Levels and vault maps discovered:
D:1:      heliophobic_arrival_ceremonial_halls, layout_rooms

Skill      XL: |  1 |
---------------+----+-----
Stealth        | 2 |  2.0
Fighting       | |  0.4
Dodging        | |  1.9
Spellcasting   | |  2.1
Necromancy     | |  4.4

Action                   || total
-------------------------++-------
Melee: Dagger            ||    11
       Punch             ||     1
 Cast: Necrotise         ||     8
  Use: Potion            ||     2
Armor: Robe              ||     2
Dodge: Dodged            ||     8

Table legend: (Time is in decaauts)
 A = Elapsed time spent in this place.
 B = Non-inter-level travel time spent in this place.
 C = Inter-level travel time spent in this place.
 D = Time resting spent in this place.
 E = Time spent auto-exploring this place.
 F = Levels seen in this place.
 G = Mean time per level.
                   A        B        C        D        E       F      G
               +--------+--------+--------+--------+--------+-----+--------+
         Total |    525 |    525 |      0 |    133 |    271 |   1 |  525.0 |
       Dungeon |    525 |    525 |      0 |    133 |    271 |   1 |  525.0 |
               +--------+--------+--------+--------+--------+-----+--------+

Top non-repeatable levels by time:
     D:1: 525 daAuts
